 Dungeon Crawl Stone Soup version 0.24.0-125-gc4c63601f3 (webtiles) character file.

Game seed: 4912847944188054118, levelgen mode: deterministic

116 mortelune the Firebug (level 4, -5/24 HPs)
             Began as a Deep Elf Fire Elementalist on Feb 22, 2020.
             Slain by an iguana (13 damage)
             ... on level 3 of the Dungeon.
             The game lasted 00:05:20 (3558 turns).

mortelune the Firebug (Deep Elf Fire Elementalist)  Turns: 3558, Time: 00:05:20

Health: -5/24      AC:  3    Str:  5    XL:     4   Next: 69%
Magic:  5/11       EV: 13    Int: 21    God:
Gold:   134        SH:  0    Dex: 15    Spells: 4/10 levels left

rFire    . . .     SeeInvis .   d - +0 short sword
rCold    . . .     Gourm    .   (no shield)
rNeg     . . .     Faith    .   a - +0 robe
rPois    .         Spirit   .   o - +0 helmet
rElec    .         Reflect  .   (no cloak)
rCorr    .         Harm     .   (no gloves)
MR       .....                  (no boots)
Stlth    ++........             (no amulet)
HPRegen  0.08/turn              (no ring)
MPRegen  0.12/turn              (no ring)

@: very slightly contaminated
A: no striking features
a: no special abilities


You were on level 3 of the Dungeon.
You were hungry.

You visited 1 branch of the dungeon, and saw 4 of its levels.

You collected 134 gold pieces.

Inventory:

Hand Weapons
 d - a +0 short sword (weapon)
Armour
 a - a +0 robe (worn)
 o - a +0 helmet (worn)
Jewellery
 h - an uncursed ring of positive energy {unknown}
 s - an uncursed ring of poison resistance {unknown}
Wands
 n - a wand of flame (25)
Scrolls
 b - 4 scrolls of teleportation {unknown}
 e - 2 scrolls of remove curse {unknown}
 j - 2 scrolls of noise {unknown}
 l - a scroll of fear {unknown}
 m - a scroll of identify {unknown}
Potions
 f - a potion of agility {unknown}
 g - a potion of resistance {unknown}
 i - 2 potions of might {unknown}
 k - 2 potions of haste {unknown}
 q - a potion of brilliance {unknown}
 r - a potion of heal wounds {unknown}
 t - 2 potions of ambrosia {unknown}
Comestibles
 c - 3 rations
 p - a chunk of flesh


   Skills:
 + Level 3.3 Dodging
 - Level 2.4 Stealth
 + Level 3.8 Spellcasting
 * Level 2.9 Conjurations
 * Level 4.4 Fire Magic


You had 4 spell levels left.
You knew the following spells:

 Your Spells              Type           Power        Failure   Level  Hunger
a - Flame Tongue          Conj/Fire      ###..        2%          1    None
b - Throw Flame           Conj/Fire      ###...       4%          2    #......
c - Conjure Flame         Conj/Fire      ###.....     9%          3    ###....

Your spell library contained the following spells:

 Spells                   Type           Power        Failure   Level  Hunger
 Inner Flame              Hex/Fire       ##......     16%         3    ###....
 Sticky Flame             Conj/Fire      ###.....     26%         4    ####...
 Fireball                 Conj/Fire      ###.......   58%         5    ######.


Dungeon Overview and Level Annotations

Branches:
Dungeon (4/15)
 Temple: D:4-7

Altars:

Annotations:
D:3 Ijyb


Message History

The iguana closely misses you.
There is a stone staircase leading up here.
The iguana misses you.
You climb upwards.
Level annotation: Ijyb You are feeling hungry.
There is a stone staircase leading down here.
Casting: Flame Tongue (safe; 2% risk of failure)
Confirm with . or Enter, or press ? or * to list all spells.
You don't know that spell.
Casting: Flame Tongue (safe; 2% risk of failure)
Confirm with . or Enter, or press ? or * to list all spells.
Aiming: Flame Tongue (safe; 2% risk of failure)
Press: ? - help, Shift-Dir - straight line, f - iguana
Aim: an iguana (heavily wounded)
The flame tongue hits the iguana.
The iguana is severely wounded.
The iguana bites you!
Ouch! That really hurt!
You die...

#######.#.#..#...###.###.
#.#..............#
#.#.#.##....######
#.#.#.......#
#.#.#.......#
####.#.#.......#######
#......#..............
#.#.#.....#..l.#######
####
#.#.#........@........
....
#.#.#.........########
.... #.#............#
..#...
####.###.#........#
..#...
#..............##.#
......
###########.#####.#
#..... #.......... #...##
####+#.###...# #...##
#......#
#.##########...##


You could see an iguana.

Vanquished Creatures
  2 adders (D:2)
  An ooze (D:1)
  2 worms (D:3)
  8 dart slugs
  2 leopard geckos
  5 giant cockroaches
  8 goblins
  4 hobgoblins
  4 jackals (D:2)
  3 quokkas
  2 ball pythons (D:3)
  5 bats
  5 frilled lizards
  8 kobolds
  12 rats
71 creatures vanquished.

Notes
Turn   | Place    | Note
-------+----------+-------------------------------------------
     0 | D:1      | mortelune the Deep Elf Fire Elementalist began the quest
                  | for the Orb.
     0 | D:1      | Reached XP level 1. HP: 10/10 MP: 6/6
   192 | D:1      | Reached XP level 2. HP: 14/15 MP: 5/8
   196 | D:1      | Learned a level 2 spell: Throw Flame
   684 | D:1      | Reached XP level 3. HP: 19/19 MP: 2/9
  1506 | D:2      | Learned a level 3 spell: Conjure Flame
  1686 | D:2      | Reached skill level 4 in Fire Magic
  1978 | D:2      | Reached XP level 4. HP: 24/24 MP: 6/11
  3293 | D:3      | Noticed Ijyb
  3558 | D:3      | Slain by an iguana

Levels and vault maps discovered:
D:1:      dpeg_arrival_ratfight, layout_loops_ring
D:2:      layout_rooms, grunt_ministairs_8, chequers_serial_rivers_small_3,
          hangedman_abyss_or_decor_lesser_grid
D:3:      layout_basic, lemuel_doored_altar, uniq_ijyb
D:4:      layout_cave_pools, lemuel_round_altar

Skill      XL: |  1  2  3 |
---------------+----------+-----
Conjurations   | 2 |  2.9
Dodging        | 3 |  3.3
Fire Magic     | 4 |  4.4
Stealth        | |  2.4
Spellcasting   | |  3.8

Action                   |  1- 3 |  4- 6 || total
-------------------------+-------+-------++-------
 Cast: Flame Tongue      |    29 |    33 ||    62
       Throw Flame       |    36 |    35 ||    71
  Eat: Chunk             |     2 |     4 ||     6
       Ration            |     1 |       ||     1
Armor: Robe              |     3 |     2 ||     5
Dodge: Dodged            |     6 |    12 ||    18
